 Dungeon Crawl Stone Soup version 0.24.0-123-gd5b16e6ec5 (webtiles) character file.

Game seed: 11431959228094184165, levelgen mode: deterministic

96 Delamore the Chopper (level 4, -3/35 HPs)
             Began as a Formicid Fighter on Jan 6, 2020.
             Slain by a gnoll
             ... wielding a +0 club
              (6 damage)
             ... on level 2 of the Dungeon.
             The game lasted 00:01:45 (1505 turns).

Delamore the Chopper (Formicid Fighter)             Turns: 1505, Time: 00:01:46

Health: -3/35      AC:  6    Str: 21    XL:     4   Next: 98%
Magic:  4/4        EV:  7    Int:  8    God:
Gold:   90         SH:  9    Dex: 10    Spells: 3/3 levels left

rFire    . . .     SeeInvis +   a - +0 war axe
rCold    . . .     Gourm    .   c - +0 shield
rNeg     . . .     Faith    .   b - +0 scale mail
rPois    .         Spirit   .   (helmet unavailable)
rElec    .         Reflect  .   (no cloak)
rCorr    .         Harm     .   (no gloves)
MR       .....                  (no boots)
Stlth    ..........             (no amulet)
HPRegen  0.11/turn              (no ring)
MPRegen  0.09/turn              (no ring)

@: no status effects
A: permanent stasis, dig shafts and tunnels, four strong arms, antennae 3
a: Dig, Shaft Self


You were on level 2 of the Dungeon.
You were not hungry.

You visited 1 branch of the dungeon, and saw 3 of its levels.

You collected 90 gold pieces.

Inventory:

Hand Weapons
 a - a +0 war axe (weapon)
Armour
 b - a +0 scale mail (worn)
 c - a +0 shield (worn)
Scrolls
 h - a scroll of remove curse {unknown}
 i - a scroll of enchant armour {unknown}
 k - a scroll of fog {unknown}
 l - 2 scrolls of amnesia {unknown}
 m - 5 scrolls of identify {unknown}
 n - 2 scrolls of magic mapping {unknown}
 o - 4 scrolls of teleportation {unknown}
Potions
 d - 2 potions of might
 e - a potion of agility {unknown}
 g - a potion of flight {unknown}
 j - a potion of degeneration {unknown}
Comestibles
 f - 3 rations
 p - 5 chunks of flesh


   Skills:
 - Level 3.2 Fighting
 + Level 4.7 Axes
 - Level 3.2 Armour
 - Level 3.6 Shields


You had 3 spell levels left.
You didn't know any spells.
Your spell library was empty.

Dungeon Overview and Level Annotations

Branches:
Dungeon (3/15)

Altars:
Qazlal
Vehumet
Wu Jian
The Shining One

Annotations:
D:3 Sigmund


Innate Abilities, Weirdness & Mutations

You cannot be hasted, slowed, berserked, paralysed or teleported.
You can dig through walls and to a lower floor.
Your four strong arms can wield two-handed weapons with a shield.
You have a pair of large antennae on your head. (SInv)


Message History

You climb downwards.
Level annotation: Sigmund The gnoll hits you with a +0 club. x2; The gnoll hits you but does no damage.
The gnoll hits you with a +0 club.
* * * LOW HITPOINT WARNING * * *
There is a stone staircase leading up, spattered with blood here.
Sigmund barely misses you. The gnoll hits you but does no damage.
You climb upwards.
There is a stone staircase leading down here.
You barely miss the gnoll. You hit the gnoll. You block the gnoll's attack.
The gnoll hits you with a +0 club.
* * * LOW HITPOINT WARNING * * *
You block the gnoll's attack.
You closely miss the gnoll. You slash the gnoll!
You kill the gnoll!
The gnoll hits you with a +0 club.
* * * LOW HITPOINT WARNING * * *
You barely miss the gnoll. The gnoll barely misses you.
You closely miss the gnoll. The gnoll hits you with a +0 club.
You die...

### ..## ...#########
####### ...........#
#.....# ...#####.#.#
#.###.# #.## ##....# #.#
#.# #.# #.....####.###.#
..# ##.........@.#.# ###
##.######)#g#.# #.# #.#.#.#
#.# #.#.#.# ## ##'##
#.....# .# ##...## ###.###
.# ##.....## #.###### .#
##.......## #..#)..#
.###.........####...).(####


You could see a gnoll.

Vanquished Creatures
  A gnoll (D:2)
  An adder (D:3)
  An ooze (D:2)
  A worm (D:2)
  6 dart slugs
  A leopard gecko (D:1)
  3 giant cockroaches
  6 goblins
  8 hobgoblins
  2 jackals (D:3)
  11 kobolds
  8 bats
  4 frilled lizards
  5 rats
58 creatures vanquished.

Notes
Turn   | Place    | Note
-------+----------+-------------------------------------------
     0 | D:1      | Delamore the Formicid Fighter began the quest for the Orb.
     0 | D:1      | Reached XP level 1. HP: 18/18 MP: 1/1
    55 | D:1      | Reached XP level 2. HP: 22/24 MP: 2/2
    84 | D:1      | Reached skill level 3 in Axes
   167 | D:1      | Reached XP level 3. HP: 27/29 MP: 3/3
   622 | D:2      | Reached skill level 4 in Axes
   622 | D:2      | Reached XP level 4. HP: 33/35 MP: 4/4
   774 | D:2      | Found a faded altar of an unknown god.
  1014 | D:2      | Found a radiant altar of Vehumet.
  1014 | D:2      | Found an ornate altar of the Wu Jian Council.
  1014 | D:2      | Found a glowing golden altar of the Shining One.
  1014 | D:2      | Found a stormy altar of Qazlal.
  1467 | D:3      | Noticed Sigmund
  1505 | D:2      | Slain by a gnoll

Levels and vault maps discovered:
D:1:      onia_arrival_pentagram, layout_rooms
D:2:      layout_loops_corners, chequers_temple_overflow_statue_of_worship,
          chequers_ecumenical_altar_simple_redux
D:3:      layout_basic, nicolae_overflow_hidden_temple, fedhas_altar_1,
          uniq_ijyb, uniq_terence, uniq_sigmund

Skill      XL: |  1  2  3 |
---------------+----------+-----
Axes           | 3 4 |  4.7
Fighting       | |  3.2
Armour         | |  3.2
Shields        | |  3.6

Action                   |  1- 3 |  4- 6 || total
-------------------------+-------+-------++-------
Melee: War axe           |    94 |    60 ||   154
  Eat: Chunk             |       |     2 ||     2
Armor: Scale mail        |    57 |    30 ||    87
Dodge: Dodged            |    38 |    20 ||    58
Block: Shield            |    62 |    34 ||    96
